 Dungeon Crawl Stone Soup version 0.29-a0-517-gbdf32494f2 (webtiles) character file.

Game seed: 4089193932716607073

61 ptdevnull the Grave Robber (level 3, -6/19 HPs)
             Began as a Deep Elf Necromancer on May 30, 2022.
             Mangled by Crazy Yiuf
             ... wielding a +3 quarterstaff of chaos
              (15 damage)
             ... on level 2 of the Dungeon.
             The game lasted 00:04:44 (2163 turns).

ptdevnull the Grave Robber (Deep Elf Necromancer)   Turns: 2163, Time: 00:04:45

Health: -6/19      AC:  3    Str:  5    XL:     3   Next: 83%
Magic:  7/11       EV: 12    Int: 21    God:
Gold:   56         SH:  0    Dex: 15    Spells: 7/11 levels left

rFire   . . .      SeeInvis .   a - +0 short sword (venom)
rCold   . . .      Faith    .   (no shield)
rNeg    . . .      Spirit   .   c - +0 robe
rPois   .          Reflect  .   (no helmet)
rElec   .          Harm     .   (no cloak)
rCorr   .          Rampage  .   (no gloves)
Will    .....                   r - +0 pair of boots
Stlth   ++........              (no amulet)
HPRegen 0.06/turn               (no ring)
MPRegen 0.12/turn               (no ring)

@: lethally poisoned (-6 -> -12)
A: no striking features
a: no special abilities


You were on level 2 of the Dungeon.
You visited 1 branch of the dungeon, and saw 2 of its levels.

You collected 56 gold pieces.

Inventory:

Hand Weapons
 a - a +0 short sword of venom (weapon)
 b - a +0 hunting sling
 q - a +3 dagger
Armour
 c - a +0 robe (worn)
 r - a +0 pair of boots (worn)
Scrolls
 d - 2 scrolls of identify {unknown}
 h - a scroll of fear {unknown}
 l - a scroll of vulnerability {unknown}
 m - a scroll of poison {unknown}
Potions
 e - 3 potions of curing {unknown}
 f - a potion of brilliance {unknown}
 g - a potion of berserk rage {unknown}
 i - a potion of ambrosia {unknown}
 j - a potion of cancellation {unknown}
 k - a potion of resistance {unknown}
 n - a potion of magic
 o - a potion of flight {unknown}
 p - a potion of attraction {unknown}


   Skills:
 - Level 2.4 Dodging
 - Level 2.4 Stealth
 + Level 4.5 Spellcasting
 + Level 5.8 Necromancy


You had 7 spell levels left.
You knew the following spells:

 Your Spells              Type           Power      Damage    Failure   Level
a - Necrotize             Necr           100%       1d9       1%          1
b - Vampiric Draining     Necr           29%        2d8       3%          3

Your spell library contained the following spells:

 Spells                   Type           Power      Damage    Failure   Level
 Animate Dead             Necr           29%        N/A       11%         4
 Agony                    Necr           29%        N/A       28%         5


Dungeon Overview and Level Annotations

Branches:
Dungeon (2/15)

Altars:
Uskayaw

Annotations:
D:2 Crazy Yiuf


Message History

r - a +0 pair of boots You start putting on your armour.
You continue putting on your +0 pair of boots. x4
You finish putting on your +0 pair of boots.
Found a mace.
Found a runed translucent door.
Press: ? - help, v - describe, . - travel
Here: Crazy Yiuf, wielding a +3 quarterstaff of chaos and wearing a +2 cloak (asleep, fire blocked by a runed translucent door)
The floor.
Unknown command.
As you open the door, it creaks loudly!
Casting: Necrotize (safe; 1% risk of failure)
Confirm with . or Enter, or press ? or * to list all spells.
Aiming: Necrotize (safe; 1% risk of failure)
Press: ? - help, Shift-Dir - straight line, f - Crazy Yiuf
Aim: Crazy Yiuf, wielding a +3 quarterstaff of chaos and wearing a +2 cloak (chance to affect: 88%) Crazy Yiuf writhes in agony!
Crazy Yiuf glowers.
Casting: Necrotize (safe; 1% risk of failure)
Confirm with . or Enter, or press ? or * to list all spells.
Aiming: Necrotize (safe; 1% risk of failure)
Press: ? - help, Shift-Dir - straight line, f/p - Crazy Yiuf
Aim: Crazy Yiuf, wielding a +3 quarterstaff of chaos and wearing a +2 cloak (heavily wounded, chance to affect: 88%) Crazy Yiuf barely resists.
Casting: Necrotize (safe; 1% risk of failure)
Confirm with . or Enter, or press ? or * to list all spells.
Aiming: Necrotize (safe; 1% risk of failure)
Press: ? - help, Shift-Dir - straight line, f/p - Crazy Yiuf
Aim: Crazy Yiuf, wielding a +3 quarterstaff of chaos and wearing a +2 cloak (heavily wounded, chance to affect: 88%) Crazy Yiuf writhes in agony.
Crazy Yiuf hits you with a +3 quarterstaff of chaos!
You are poisoned.
Casting: Necrotize (safe; 1% risk of failure)
Confirm with . or Enter, or press ? or * to list all spells.
Aiming: Necrotize (safe; 1% risk of failure)
Press: ? - help, Shift-Dir - straight line, f/p - Crazy Yiuf
Aim: Crazy Yiuf, wielding a +3 quarterstaff of chaos and wearing a +2 cloak (heavily wounded, chance to affect: 88%) Crazy Yiuf writhes in agony.
You feel sick.
Crazy Yiuf hits you with a +3 quarterstaff of chaos!
Ouch! That really hurt!
You die...

...##.# #..## .#.##.#
#.## .#.##.# #.# #.
......# ### #. ##.####
##. #.# ###♣♣♣♣♣ ## ..
#.#####....♣.♣♣♣ ###
##.... .
##...........♣..♣#...#
#...... #
##.###......♣♣♣♣@g...#
#....##.## ##.#
##....♣♣ ♣♣#..)#
#....##... ##.# ####♣♣
### #...##### #..#
#...# # #### #...#####
.# #........ .#
#.#####.#.##### .#
#.........# ##
#######.###


You could see Crazy Yiuf.

Vanquished Creatures
  An adder (D:2)
  A worm (D:2)
  2 dart slugs
  A ball python (D:2)
  2 endoplasms (D:1)
  4 giant cockroaches (D:2)
  5 goblins
  A hobgoblin (D:1)
  7 jackals
  2 quokkas
  5 bats
  A frilled lizard (D:1)
  5 kobolds
  A rat (D:1)
38 creatures vanquished.

Vanquished Creatures (collateral kills)
  A ball python (D:1)
  A goblin (D:2)
2 creatures vanquished.

Vanquished Creatures (others)
  A plant (D:1)
1 creature vanquished.

Grand Total: 41 creatures vanquished

Notes
Turn   | Place    | Note
-------+----------+-------------------------------------------
     0 | D:1      | ptdevnull the Deep Elf Necromancer began the quest for the
                  | Orb.
     0 | D:1      | Reached XP level 1. HP: 10/10 MP: 6/6
    55 | D:1      | Reached skill level 5 in Necromancy
   176 | D:1      | Reached XP level 2. HP: 15/15 MP: 3/8
   702 | D:1      | Found a faded altar of an unknown god.
  1221 | D:2      | Found a hide-covered altar of Uskayaw.
  1307 | D:2      | Reached XP level 3. HP: 19/19 MP: 4/10
  1375 | D:2      | Learned a level 3 spell: Vampiric Draining
  2155 | D:2      | Found a runed translucent door.
  2156 | D:2      | Noticed Crazy Yiuf
  2163 | D:2      | Mangled by Crazy Yiuf

Illustrated notes

Levels and vault maps discovered:
D:1:      pf_arrival_petrified_forest, layout_loops_ring,
          shapermc_ecumenical_altar_mp_ritualfount, serial_forest,
          infiniplex_forest_lined_4_way, infiniplex_forest_lined_4_way,
          infiniplex_forest_clump_large, infiniplex_forest_end_2,
          infiniplex_forest_lined_room_2, infiniplex_forest_straight_4,
          infiniplex_forest_lined_corner
D:2:      layout_loops_corners, basic_altar, minmay_misc_feat_ornament,
          grunt_ministairs_5, hangedman_decor_points, uniq_sigmund,
          uniq_crazy_yiuf_cottage

Skill      XL: |  1  2 |
---------------+-------+-----
Necromancy     | 5 |  5.8
Spellcasting   | 4 |  4.5
Dodging        | |  2.4
Stealth        | |  2.4

Action                   || total
-------------------------++-------
Melee: Short sword       ||    17
 Fire: Hunting sling     ||     5
 Cast: Necrotize         ||    69
Armor: Robe              ||     6
Dodge: Dodged            ||    20

Table legend: (Time is in decaauts)
 A = Elapsed time spent in this place.
 B = Non-inter-level travel time spent in this place.
 C = Inter-level travel time spent in this place.
 D = Time resting spent in this place.
 E = Time spent auto-exploring this place.
 F = Levels seen in this place.
 G = Mean time per level.
                   A        B        C        D        E       F      G
               +--------+--------+--------+--------+--------+-----+--------+
         Total |   2166 |   2121 |     45 |    179 |   1696 |   2 | 1083.0 |
       Dungeon |   2166 |   2121 |     45 |    179 |   1696 |   2 | 1083.0 |
               +--------+--------+--------+--------+--------+-----+--------+

Top non-repeatable levels by time:
     D:1: 1128 daAuts
     D:2: 1038 daAuts
